Map: Temple gelé

Players

MajishanGaru

  • Race: Terran Terran
  • League: Grandmaster

zuka - Winner!

  • Race: Protoss Protoss
  • League: Master

VOD

Have the link to the VOD?

Description

Time

  • Played on: April 23, 2016, 6:11 a.m.
  • Length: 5:49
Show
View Real Time Build Order
Export as new Build Order

MajishanGaru Terran 

Build Orders: Reaper Expand 

Get SALT Encoding   

  12  0:03  SCV  
  13  0:15  SCV  
  13  0:18  Supply Depot  
  14  0:27  SCV  
  15  0:40  SCV  
  16  0:44  Barracks  
  16  0:48  Refinery  
  16  0:52  SCV  
  17  1:04  SCV  
  18  1:16  SCV  
  19  1:30  Orbital Command  
  19  1:33  Reaper  
  20  1:42  Command Center  
  20  1:56  Supply Depot  
  21  2:01  SCV  
  21  2:06  Barracks Reactor  
  21  2:08  Bunker  
  21  2:13  SCV  
  22  2:25  SCV  
  22  2:29  Factory  
  23  2:37  SCV  
  23  2:43  Marine x2  
  26  2:49  Barracks  
  26  2:54  Orbital Command  
  26  3:02  Marine x2  
  27  3:13  Widow Mine  
  29  3:25  Marine x2  
  29  3:31  SCV  
  29  3:32  SCV  
  31  3:37  Barracks Tech Lab  
  31  3:43  Marine x2  
  29  3:57  Marine  
  29  4:01  Marine x2, SCV x2, Supply Depot  
  33  4:08  Widow Mine  
  35  4:18  Marine  
  35  4:19  Marine  
  35  4:20  SCV x2  
  38  4:26  Refinery, Command Center  
  38  4:27  Engineering Bay  
  38  4:34  Marine  
  38  4:36  Marine  
  40  4:39  SCV x2  
  42  4:51  Marine  
  42  4:52  Marine  
  44  4:54  Marine  
  44  5:05  SCV  
  45  5:07  Starport  
  45  5:09  Marine  
  45  5:11  Supply Depot  
  46  5:33  SCV x2  
Show
View Real Time Build Order
Export as new Build Order

zuka Protoss - Winner!

Build Orders:  

Get SALT Encoding   

  12  0:01  Probe (Chrono Boost)  
  13  0:11  Probe (Chrono Boost)  
  14  0:17  Pylon  
  14  0:22  Probe (Chrono Boost)  
  16  0:35  Probe (Chrono Boost)  
  16  0:37  Gateway  
  16  0:46  Probe (Chrono Boost)  
  16  0:47  Assimilator  
  17  0:53  Assimilator  
  18  0:57  Probe (Chrono Boost)  
  18  1:07  Probe (Chrono Boost)  
  18  1:11  Gateway  
  19  1:18  Probe (Chrono Boost)  
  20  1:26  Cybernetics Core  
  20  1:30  Probe (Chrono Boost)  
  21  1:39  Pylon  
  21  1:41  Probe (Chrono Boost)  
  22  2:02  Mothership Core (Chrono Boost), Adept  
  22  2:03  Adept  
  22  2:06  Warp Gate (Chrono Boost)  
  28  2:17  Pylon  
  28  2:37  Robotics Facility  
  28  2:48  Gateway  
  28  2:58  Pylon x2  
  28  3:00  Gateway  
  28  3:05  Pylon  
  28  3:07  Pylon  
  28  3:31  Immortal (Chrono Boost)  
  32  3:54  Pylon  
  32  4:03  Pylon  
  32  4:05  Warp Prism (Chrono Boost)  
  34  4:14  Adept x3  
  34  4:15  Adept  
  40  4:37  Immortal (Chrono Boost)  
  43  4:43  Pylon  
  41  5:02  Adept x2  
  41  5:03  Adept  
  47  5:09  Pylon  
  47  5:28  Observer (Chrono Boost)  
  48  5:31  Stalker  
  48  5:32  Stalker x2  
  54  5:38  Pylon  
  52  5:45  Stalker  
Tags
 
Add a new tag
Caveats
  • Supply blocks, unpowered buildings, or Contaminate may cause inaccurate times.
  • Supply counts are checked every 10 seconds.